 Dungeon Crawl Stone Soup version 0.18.1-5-g4a78601 (webtiles) character file.

2819 tyrsky the Magician (level 9, 0/51 HPs)
             Began as a Gargoyle Earth Elementalist on May 14, 2016.
             Was an Initiate of Vehumet.
             Slain by a wolf (7 damage)
             ... on level 8 of the Dungeon.
             The game lasted 00:27:24 (6629 turns).

tyrsky the Magician (Gargoyle Earth Elementalist)   Turns: 6629, Time: 00:27:25

Health: 0/51       AC: 10    Str: 12    XL:     9   Next: 72%
Magic:  1/19       EV: 12    Int: 19    God:    Vehumet [......]
Gold:   68         SH:  0    Dex: 10    Spells: 3 memorised, 13 levels left

rFire  . . .     SeeInvis .     H - +0 lajatang
rCold  . . .     Gourm    .     a - +1 robe
rNeg   + . .     Faith    .     (shield currently unavailable)
rPois  ∞         Spirit   .     y - +0 helmet
rElec  +         Dismiss  .     (no cloak)
rCorr  .         Reflect  .     (no gloves)
SustAt .         Harm     .     (no boots)
MR     +....                    p - amulet of rage
Stlth  ++........               (no ring)
                                (no ring)

@: somewhat resistant to hostile enchantments, unstealthy
A: blink, magic resistance 1, negative energy resistance 1, electricity
resistance, unbreathing, petrification resistance, rot immunity, AC +5
a: Blink, Renounce Religion, Evoke Berserk Rage


You were on level 8 of the Dungeon.
You worshipped Vehumet.
Vehumet was noncommittal.
You were hungry.

You visited 3 branches of the dungeon, and saw 10 of its levels.

You collected 286 gold pieces.
You spent 218 gold pieces at shops.

Inventory:

Hand Weapons
 f - a +0 hand axe
 i - a +0 falchion of protection
 k - a +1 vampiric dagger
 F - the +5 scythe of Beogh's Benevolence {antimagic, +Fly rC+}
   (You bought it in a shop on level 8 of the Dungeon)

   It disrupts the flow of magical energy around spellcasters and certain
   magical creatures (including the wielder).
   It protects you from cold.
   It lets you fly.
 G - a +2 flail of protection
 H - a +0 lajatang (weapon)
Missiles
 b - 158 stones (quivered)
Armour
 a - a +1 robe (worn)
 s - a +0 shield
 y - a +0 helmet (worn)
Jewellery
 m - an uncursed amulet of faith
 p - an amulet of rage (around neck)
 v - a +4 ring of evasion {unknown}
 B - an uncursed ring of fire
 C - an uncursed ring of wizardry {unknown}
Wands
 r - a wand of random effects (9/48)
 E - a wand of random effects (13/48)
Scrolls
 g - 6 scrolls of remove curse
 j - 5 scrolls of identify {@*1}
 l - 2 scrolls of fog
 o - a scroll of blinking {unknown}
 q - a scroll of noise {unknown}
 u - 2 scrolls of magic mapping
 z - 3 scrolls of enchant armour
 D - a scroll of amnesia {unknown}
Potions
 e - a potion of ambrosia
 h - a potion of might {unknown}
 n - a potion of agility {unknown}
 x - a potion of curing
Books
 c - a book of Geomancy

   Spells                             Type                      Level
   a - Sandblast                      Earth                        1
   b - Passwall                       Transmutation/Earth          2
   c - Stone Arrow                    Conjuration/Earth            3
   d - Petrify                        Transmutation/Earth          4
   e - Lee's Rapid Deconstruction     Earth                        5
 A - a book of Air

   Spells                             Type                      Level
   a - Shock                          Conjuration/Air              1
   b - Swiftness                      Charms/Air                   2
   c - Repel Missiles                 Charms/Air                   2
   d - Static Discharge               Conjuration/Air              3
   e - Lightning Bolt                 Conjuration/Air              5
Comestibles
 d - 2 bread rations
 t - 3 meat rations


   Skills:
 + Level 3.2 Fighting
 + Level 2.4 Short Blades
 + Level 3.0 Armour
 + Level 3.0 Dodging
 - Level 2.1 Stealth
 + Level 3.3 Shields
 * Level 7.1 Spellcasting
 + Level 5.3 Conjurations
   Level 0.7 Transmutations
 + Level 7.1 Earth Magic
 + Level 2.8 Evocations


You had 13 spell levels left.
You knew the following spells:

 Your Spells              Type           Power        Failure   Level  Hunger
a - Sandblast             Erth           ####..       1%          1    None
b - Stone Arrow           Conj/Erth      ####..       1%          3    #......
c - Lee's Rapid Deconstr  Erth           ####......   17%         5    #####..


Dungeon Overview and Level Annotations

Branches:
Dungeon (8/15)             Temple (1/1) D:7            Lair (1/8) D:8

Altars:
Ashenzari
Cheibriados
Dithmenos
Elyvilon
Fedhas
Gozag
Kikubaaqudgha
Makhleb
Nemelex Xobeh
Okawaru
Pakellas
Qazlal
Ru
Sif Muna
Trog
Vehumet
Xom
Yredelemnul
The Shining One

Shops:
D:8 (

Annotations:
D:7 Yehuk's ghost, novice GrBe
D:8 ThereIsNoGod's ghost, novice OpAs


Innate Abilities, Weirdness & Mutations

You are resistant to torment.
Your stone body is resilient (AC +5).
You are immune to poison.
You resist negative energy.
You are resistant to electric shocks.
You can survive without breathing.
You are immune to petrification.
You are immune to rotting.
You can translocate small distances at will.
You are resistant to hostile enchantments.


Message History

The wolf bites you but does no damage. The wolf bites you.
The wolf barely misses you. The wolf bites you.
* * * LOW HITPOINT WARNING * * *
The wolf bites you but does no damage.
Casting: Sandblast
Confirm with . or Enter, or press ? or * to list all spells.
You don't have enough magic to cast that spell.
Casting: Sandblast
Confirm with . or Enter, or press ? or * to list all spells.
You don't have enough magic to cast that spell.
The wolf bites you but does no damage. The wolf closely misses you.
The wolf bites you.
* * * LOW HITPOINT WARNING * * *
You climb upwards.
Welcome back to the Dungeon!
Level annotation: ThereIsNoGod's ghost, novice OpAs ThereIsNoGod's ghost hits you.
* * * LOW HITPOINT WARNING * * *
There is a staircase to the Lair here.
The wolf bites you but does no damage. The wolf bites you!
You die...

....... #.#.#.#..#........W.
####### ###O#.#.#..#..........
##...#.#.#..##.........
#..###.#.#..#.....#...#
##.####.#.#..<.#.#######
##.......#.#...........##
##...###OW#.#....#.####...
##...####.h#.#...##.# ###.
#####.>.###..h9#.#...##.# ##.
#......()(.(#.##.#.#..#.# #..
#..####.#####.##.#.##.#.#####.#
##...##.# #.##.#.##.........#
#...##.# #..#^#.##...#####.(
#...##(########...##...# #..
#.....(.......#.#.....## #..
#...###.......#.#..#..# ###
#...###.......###.##..#


You could see an ogre, 2 wolves and ThereIsNoGod's ghost.

Vanquished Creatures
  3 hungry ghosts (D:8)
  Menkaure (D:7)
  2 hippogriffs
  A water moccasin (Lair:1)
  An orc warrior (D:6)
  2 phantoms
  An ice beast (D:7)
  An ogre (D:8)
  A necrophage (D:8)
  3 centaurs
  2 giant frogs
  4 scorpions
  An electric eel (Lair:1)
  3 crimson imps
  4 howler monkeys
  2 giant frog skeletons (D:6)
  2 hounds
  2 orc wizards (D:8)
  2 centaur skeletons
  Ijyb (D:1)
  4 worker ants
  2 worker ant zombies
  4 gnolls (D:3)
  9 adders
  3 shadow imps
  2 oozes
  An adder zombie (D:6)
  2 adder skeletons
  2 dart slugs
  3 giant geckos
  13 orcs
  2 giant cockroaches
  8 goblins
  2 hobgoblins (D:3)
  9 jackals
  3 ball pythons
  6 bats
  A giant gecko skeleton (D:5)
  6 giant newts
  5 kobolds
  6 rats
132 creatures vanquished.

Notes
Turn   | Place    | Note
--------------------------------------------------------------
     0 | D:1      | tyrsky the Gargoyle Earth Elementalist began the quest for the Orb.
     0 | D:1      | Reached XP level 1. HP: 10/10 MP: 3/3
   110 | D:1      | Reached XP level 2. HP: 15/15 MP: 0/5
   478 | D:2      | Reached XP level 3. HP: 16/19 MP: 0/7
   547 | D:2      | Found a faded altar to an unknown god.
   704 | D:2      | Noticed Ijyb
   710 | D:2      | Learned a level 3 spell: Stone Arrow
   884 | D:1      | Killed Ijyb
   884 | D:1      | Reached XP level 4. HP: 11/24 MP: 0/8
  1135 | D:3      | Reached skill level 1 in Conjurations
  1271 | D:3      | Reached XP level 5. HP: 20/28 MP: 0/10
  1640 | D:3      | Found a glowing golden altar of the Shining One.
  1958 | D:4      | Learned a level 5 spell: Lee's Rapid Deconstruction
  2242 | D:4      | Reached skill level 5 in Earth Magic
  2611 | D:4      | Found an ancient bone altar of Kikubaaqudgha.
  2741 | D:5      | Entered Level 5 of the Dungeon
  2791 | D:5      | Reached XP level 6. HP: 32/32 MP: 8/12
  2943 | D:5      | Noticed a phantom
  3020 | D:5      | Killed a phantom
  3270 | D:5      | Reached skill level 5 in Spellcasting
  3270 | D:5      | Reached XP level 7. HP: 29/36 MP: 7/14
  3830 | D:6      | Found a shattered altar of Ashenzari.
  4243 | D:6      | Reached XP level 8. HP: 13/42 MP: 0/16
  4256 | D:6      | Reached skill level 1 in Fighting
  4258 | D:6      | HP: 2/43 [shadow imp/nerve-wracking pain (11)]
  4263 | D:6      | Gained mutation: You can translocate small distances at will. [potion of mutation]
  4263 | D:6      | Gained mutation: You are resistant to hostile enchantments. [potion of mutation]
  4769 | D:7      | Noticed Menkaure
  4778 | D:7      | Killed Menkaure
  4778 | D:7      | Reached skill level 1 in Short Blades
  4778 | D:7      | Reached skill level 1 in Armour
  4778 | D:7      | Reached skill level 1 in Shields
  4778 | D:7      | Reached skill level 1 in Evocations
  4935 | D:7      | Noticed Yehuk's ghost (novice GrBe)
  4958 | D:7      | Found a deep blue altar of Sif Muna.
  4963 | D:7      | Found a sparkling altar of Nemelex Xobeh.
  4987 | D:8      | Noticed ThereIsNoGod's ghost (novice OpAs)
  5285 | D:7      | Reached XP level 9. HP: 14/48 MP: 0/18
  5411 | D:8      | Reached skill level 5 in Conjurations
  5814 | D:8      | Found a staircase to the Lair.
  6067 | D:7      | Found a staircase to the Ecumenical Temple.
  6081 | Temple   | Entered the Ecumenical Temple
  6131 | Temple   | Became a worshipper of Vehumet
  6294 | D:8      | Found Dekax's Antique Weapon Shop.
  6303 | D:8      | Bought a brightly glowing scythe for 152 gold pieces
  6303 | D:8      | Identified the +5 scythe of Beogh's Benevolence {antimagic, +Fly rC+} (You bought it in a shop on level 8 of the Dungeon)
  6304 | D:8      | Bought a glowing flail for 66 gold pieces
  6312 | D:8      | Found a bloodstained altar of Trog.
  6312 | D:8      | Found a white marble altar of Elyvilon.
  6591 | Lair:1   | Entered Level 1 of the Lair of Beasts
  6629 | D:8      | Slain by a wolf

Skill      XL: |  1  2  3  4  5  6  7  8  9 |
---------------+----------------------------+-----
Earth Magic    | 4 5 6 7 |  7.1
Spellcasting   | 3 4 5 6 7 |  7.1
Conjurations   | 1 2 3 4 5 |  5.3
Fighting       | 2 3 |  3.2
Short Blades   | 1 2 |  2.4
Armour         | 2 3 |  3.0
Shields        | 2 3 |  3.3
Evocations     | 2 |  2.8
Dodging        | 2 3 |  3.0
Stealth        | |  2.1
Transmutations | |  0.7

Action                   |  1- 3 |  4- 6 |  7- 9 || total
-------------------------+-------+-------+-------++-------
Melee: Hand axe          |    45 |    43 |       ||    88
       Falchion          |       |       |   177 ||   177
       Lajatang          |       |       |    25 ||    25
 Cast: Sandblast         |    56 |    78 |   196 ||   330
       Stone Arrow       |       |    14 |    59 ||    73
Evoke: Wand              |       |       |     1 ||     1
  Use: Scroll            |     4 |     5 |       ||     9
       Potion            |     1 |     2 |     5 ||     8
  Eat: Chunk             |       |     6 |    11 ||    17
       Beef jerky        |       |     1 |       ||     1
       Fruit             |       |       |     2 ||     2
       Pizza             |       |       |     2 ||     2
       Royal jelly       |       |       |     2 ||     2
       Meat ration       |       |       |     1 ||     1
       Bread ration      |       |       |     1 ||     1
Armor: Robe              |    41 |    40 |   234 ||   315
Dodge: Dodged            |    63 |    52 |   260 ||   375
